[Event "GER-ch Youth U12M 2018"]
[Site "Willingen"]
[Date "2018.05.24"]
[Round "8"]
[White "Gluma, Christian"]
[Black "Roessel, Gino"]
[Result "0-1"]
[ECO "B92"]
[WhiteElo "1601"]
[BlackElo "1822"]
[Annotator "NA"]
[PlyCount "85"]
[EventDate "2018.05.19"]
[EventType "swiss"]
[EventCountry "GER"]
[SourceTitle "playchess.com"]
[Source "ChessBase"]
[SourceQuality "1"]
[TimeControl "40/4500+30:900+30"]

1. e4 c5 2. Nf3 d6 3. d4 cxd4 4. Nxd4 Nf6 5. Nc3 a6 6. Be2 e5 7. Nb3 Be7 8. g4 b5 9. g5 Nfd7 10. Nd5 Nb6 11. Be3 N8d7 12. Qd2 Bb7 13. Na5 Bxd5 14. exd5 Rc8 15. Nc6 Qc7 16. Qa5 Nxd5 17. Qxc7 Rxc7 18. Nxe7 Nxe3 19. fxe3 Kxe7 20. Kd2 Rhc8 21. c3 Nb6 22. Rab1 Nc4+ 23. Kd3 d5 24. Bg4 Rd8 25. Rhe1 e4+ 26. Ke2 Ne5 27. Rg1 Rd6 28. h4 Rc5 29. Rbd1 Rdc6 30. a3 Nd3 31. Rd2 a5 32. Ra1 Rc7 33. Bf5 g6 34. Rxd3 exd3+ 35. Bxd3 Rb7 36. Kd2 b4 37. axb4 axb4 38. Rf1 bxc3+ 39. bxc3 Rb2+ 40. Bc2 Rc4 41. Rh1 Rg4 42. Kd3 Rg2 43. Kd4 0-1

[Event "GER-ch Youth U12M 2018"]
[Site "Willingen"]
[Date "2018.05.24"]
[Round "8"]
[White "Chassard, Cedric"]
[Black "Schubert, Nikita"]
[Result "0-1"]
[ECO "C50"]
[WhiteElo "1590"]
[BlackElo "1802"]
[Annotator "NA"]
[PlyCount "138"]
[EventDate "2018.05.19"]
[EventType "swiss"]
[EventCountry "GER"]
[SourceTitle "playchess.com"]
[Source "ChessBase"]
[SourceQuality "1"]
[TimeControl "40/4500+30:900+30"]

1. e4 e5 2. Nf3 Nc6 3. Bc4 Nf6 4. d3 Bc5 5. Nc3 O-O 6. O-O {[%emt 0:00:55] LiveBook: 60 Games} Be7 {[%emt 0:05:32] C55: Two Knights: 4 d3, 4 d4 exd4 5 e5 and Max Lange Attack} (6... h6 7. Na4 Be7 8. a3 d6 9. h3 Be6 10. Bxe6 fxe6 11. Nc3 Qe8 12. d4 Nxd4 13. Nxd4 exd4 14. Qxd4 Qc6 15. e5 dxe5 16. Qxe5 {½-½ (54) Fedoseev,V (2733)-Roiz,M (2604) Antalya 2017}) 7. Ne2 d6 8. Ng3 $146 ({Predecessor:} 8. h3 d5 9. exd5 Nxd5 10. Bxd5 Qxd5 11. Ng3 Be6 12. Re1 Rad8 13. Qe2 {1-0 (87) Calin,M (1202)-Savu,V (1078) Calimanesti 2018}) 8... Na5 9. Bb3 Nxb3 10. axb3 c6 11. Qe2 Re8 12. Be3 a6 13. h3 Qc7 14. Rfe1 h6 15. Bd2 Be6 16. Nh4 Nxe4 17. Qxe4 d5 18. Qxe5 Qxe5 19. Rxe5 Bxh4 20. c3 Bf6 21. Re2 c5 22. Rae1 Red8 23. Nh5 Be7 (23... d4 $11) 24. Nf4 Rd6 25. Nxe6 fxe6 26. Rxe6 Rxe6 27. Rxe6 Kf7 28. Re1 Bf6 29. Bf4 Rc8 30. Kf1 Rc6 31. Bg3 (31. Ra1 $14) 31... Rb6 32. Be5 Rxb3 33. Bxf6 Kxf6 34. Re2 Rb6 35. f4 Re6 36. Rd2 Kf5 37. g3 h5 38. Kf2 h4 39. gxh4 Kxf4 40. d4 c4 41. Kg2 Rg6+ 42. Kf1 Rg3 43. Re2 Re3 44. Rg2 Rg3 45. Re2 Re3 46. Rg2 Re7 47. Rg5 Rf7 48. Ke2 Ke4 49. Re5+ Kf4 50. Rxd5 Kg3 51. Kd2 Kxh4 52. Rd8 Kxh3 53. d5 g5 54. d6 g4 55. d7 Kg2 56. Ke3 g3 $19 57. Ke2 Kg1 58. Ke1 Re7+ 59. Kd2 g2 60. Kd1 b5 61. Kd2 a5 62. Kd1 b4 63. cxb4 axb4 64. Kd2 Rf7 65. Ke2 c3 66. bxc3 bxc3 67. Ke1 c2 68. Rc8 Rxd7 69. Rxc2 Kh1 0-1

[Event "GER-ch Youth U12M 2018"]
[Site "Willingen"]
[Date "2018.05.25"]
[Round "9"]
[White "Wagner, Leopold Franziskus"]
[Black "Chassard, Cedric"]
[Result "1/2-1/2"]
[ECO "A40"]
[WhiteElo "2234"]
[BlackElo "1590"]
[Annotator "NA RC"]
[PlyCount "173"]
[EventDate "2018.05.19"]
[EventType "swiss"]
[EventCountry "GER"]
[SourceTitle "playchess.com"]
[Source "ChessBase"]
[SourceQuality "1"]
[TimeControl "40/4500+30:900+30"]

1. d4 e6 2. Nf3 Nf6 3. g3 c5 4. c3 Nc6 5. Bg2 Be7 6. O-O O-O 7. Nbd2 {[%emt 0:00:34] A46: 1 d4 Nf6 2 Nf3 e6: Torre, London and Colle Systems} (7. Bg5 cxd4 8. Nxd4 Qb6 9. Nb3 d5 10. N1d2 Rd8 11. Qc2 h6 12. Be3 Qc7 13. Bc5 Bxc5 14. Nxc5 e5 {1-0 (57) Yandemirov,V (2394)-Bocharov,D (2577) Kazan 2015}) 7... b5 $146 ({Predecessor:} 7... cxd4 8. cxd4 d5 9. e3 b6 10. Re1 Ba6 11. a3 Qc8 12. b3 Bd3 13. Bb2 Qa6 14. Bf1 Rac8 {0-1 (40) Misic,D (2262)-Radovic,J (2258) Kragujevac 2016}) 8. e4 Qb6 9. dxc5 Bxc5 10. Qe2 a5 11. e5 Nd5 12. Ne4 Ba6 13. Qc2 f5 (13... Be7 $14) 14. exf6 Nxf6 15. Nxf6+ Rxf6 16. Ng5 g6 17. Ne4 Rf7 18. Nxc5 Qxc5 19. Be3 Qf5 20. Be4 Qf6 21. f4 d5 22. Bg2 b4 23. Rfe1 bxc3 24. bxc3 Bc4 25. Rab1 Qf5 26. Qa4 Rc7 ({Black should play} 26... Rc8 $14) 27. Rb6 Rac8 28. Rd1 Qf7 (28... Bd3 $14 29. Re1 Qf6) 29. Bh3 Be2 30. Re1 Bd3 31. Bc5 Nd8 32. Bd4 Rc4 33. Qa3 R4c6 34. Qxa5 Rxb6 35. Qxb6 Be4 36. Qd6 Bf5 37. Bg2 $2 (37. Bxf5 $18 {ist viel giftiger.} gxf5 38. a4) 37... Qc7 38. Qb4 $2 (38. Qxc7 $18 Rxc7 39. Bb6) 38... Nc6 39. Qb2 Nxd4 40. cxd4 Qc3 41. Qxc3 Rxc3 42. Rd1 Ra3 43. Ra1 Kf7 44. Bf1 Bc2 45. Bh3 Bf5 46. Bxf5 exf5 47. Kf2 Kf6 48. Ke2 Ke6 49. Kd2 Kd6 50. Kc2 Kc6 51. Rc1 Kb6 52. Rb1+ Ka7 53. Rb2 Re3 54. Kd2 Ra3 55. Ke2 Rc3 56. Rd2 Ra3 57. Kf2 Rc3 58. Kg2 Ra3 59. Kh3 h6 60. Kh4 Kb7 61. Kh3 ({White should try} 61. Re2 $16) 61... Ka7 62. Re2 Rd3 63. Re6 g5 64. fxg5 hxg5 {[%emt 0:00:00] [#]} 65. Re5 ({White should play} 65. Rg6 $1 $16) 65... Rxd4 66. Rxf5 g4+ 67. Kh4 Kb6 68. Rf4 Rd2 69. Kxg4 Rxh2 70. a4 Kc5 71. Rf1 d4 72. Ra1 d3 73. a5 $11 Rh8 74. a6 Kc4 75. a7 d2 76. Kf5 Kc3 77. g4 Kc2 78. g5 d1=Q 79. Rxd1 Kxd1 80. g6 Ra8 81. g7 Kd2 82. Ke6 Kd3 83. Kd5 Ke3 84. Kc6 Rg8 85. Kb7 Rxg7+ 86. Kb8 Rxa7 87. Kxa7 1/2-1/2

[Event "GER-ch Youth U12M 2018"]
[Site "Willingen"]
[Date "2018.05.25"]
[Round "9"]
[White "Bui, Bao Anh Le"]
[Black "Hommer, Jeremy"]
[Result "1/2-1/2"]
[ECO "C11"]
[WhiteElo "1974"]
[BlackElo "1897"]
[Annotator "NA RC"]
[PlyCount "68"]
[EventDate "2018.05.19"]
[EventType "swiss"]
[EventCountry "GER"]
[SourceTitle "playchess.com"]
[Source "ChessBase"]
[SourceQuality "1"]
[TimeControl "40/4500+30:900+30"]

1. e4 e6 2. d4 d5 3. Nc3 Nf6 4. Bg5 dxe4 5. Nxe4 Be7 6. Bxf6 gxf6 7. Nf3 f5 8. Ng3 {[%emt 0:00:49] LiveBook: 86 Games} c6 {[%emt 0:11:54] C13: French: Classical System: 4 Bg5 Be7, Alekhine-Chatard Attack} (8... h5 9. h4 c5 10. Bb5+ Kf8 11. c3 cxd4 12. Qxd4 Qxd4 13. Nxd4 f4 14. Nge2 e5 15. Nf3 f6 16. Bc4 {0-1 (54) Kosteniuk,A (2550)-Sutovsky,E (2647) Gibraltar 2016}) 9. Qd2 Nd7 10. Nh5 Bf8 $146 (10... Nf6 $14 11. Nxf6+ Bxf6) ({Predecessor:} 10... Rg8 11. O-O-O b6 12. Bd3 Bb7 13. Rhg1 Nf6 14. Nxf6+ Bxf6 15. Qe2 Qe7 {0-1 (58) Neme,J-Lopez,R (2250) Buenos Aires 1992}) 11. Qf4 (11. Be2 $16) 11... Rg8 12. Ne5 Qg5 13. Nxd7 Bxd7 14. Qxg5 Rxg5 15. Nf6+ Ke7 16. Nxh7 Rg4 17. Nxf8 Re4+ 18. Kd2 Rxf8 19. c3 Rd8 20. g3 Rg4 21. Be2 Rgg8 22. Kc2 Rc8 23. Bf3 Kf6 24. h4 b6 25. Rad1 Rc7 26. c4 Bc8 27. b4 c5 28. dxc5 bxc5 29. b5 Bb7 30. Bxb7 Rxb7 31. Kc3 $18 f4 32. Rhg1 fxg3 33. fxg3 Kf5 34. Rdf1+ Ke5 1/2-1/2

[Event "GER-ch Youth U12M 2018"]
[Site "Willingen"]
[Date "2018.05.25"]
[Round "9"]
[White "Eilenberg, Jonas"]
[Black "Tham, Nam"]
[Result "0-1"]
[ECO "D31"]
[WhiteElo "1852"]
[BlackElo "1866"]
[Annotator "NA RC"]
[PlyCount "106"]
[EventDate "2018.05.19"]
[EventType "swiss"]
[EventCountry "GER"]
[SourceTitle "playchess.com"]
[Source "ChessBase"]
[SourceQuality "1"]
[TimeControl "40/4500+30:900+30"]

1. d4 d5 2. c4 e6 3. Nc3 c6 4. Bf4 Nf6 5. e3 Nbd7 6. Bd3 Be7 7. Nf3 O-O 8. cxd5 exd5 9. h3 Re8 {[%emt 0:01:00] LiveBook: 85 Games} 10. O-O h6 {[%emt 0:02:13] D35: Queen's Gambit Declined: Exchange Variation} (10... Nf8 11. Qc2 Ng6 12. Bh2 Bd6 13. Bxd6 Qxd6 14. Rab1 a5 15. a3 Ne7 16. Na4 g6 17. Nc5 Nd7 18. b4 axb4 19. axb4 b6 20. Na4 b5 21. Nc3 Nb6 22. e4 {½-½ (47) Macieja,B (2651)-L'Ami,E (2624) Khanty-Mansiysk 2010}) 11. Qc2 Nf8 12. Rab1 a5 13. a3 Bd6 $146 ({Predecessor:} 13... Ne6 14. Bh2 Nc7 15. b4 axb4 16. axb4 Bd6 17. Ne5 Nd7 18. Nxd7 Qxd7 19. Bxd6 Qxd6 {½-½ (31) Pashev,D (1966)-Paunchev,D (2055) Sunny Beach 2015}) 14. Bxd6 Qxd6 15. Ne5 N6d7 16. Nf3 Nf6 17. Ne2 Ne4 18. Bxe4 Rxe4 19. Ng3 Re8 20. b4 b5 21. Rfc1 Bd7 22. Ne5 Rec8 23. Qc5 Qxc5 24. Rxc5 f6 25. Nf3 Ne6 26. Rc3 Nd8 27. Nh4 Nb7 28. Nhf5 Kf7 29. f3 axb4 30. axb4 Ra4 31. e4 dxe4 32. fxe4 Kf8 33. Rc2 ({White should try} 33. e5 $14) 33... Kf7 (33... g6 $11 34. Nxh6 Nd6) 34. Kf2 Kf8 35. Ke2 Kf7 36. Ne3 g6 37. Nh1 Nd6 38. Nf2 Re8 39. Kf3 Ra3 40. Rd2 {[%emt 0:01:53] [#]} Bf5 $1 41. Rc1 Bxe4+ 42. Nxe4 Nxe4 43. Re2 Re6 44. Kf4 $2 (44. Rd1) 44... g5+ $19 45. Kg4 Kg6 46. h4 f5+ 47. Kh3 f4 48. d5 cxd5 49. Rc7 Rxe3+ 50. Rxe3 fxe3 51. h5+ Kxh5 52. Rg7 Nf2+ 53. Kg3 e2 0-1

[Event "GER-ch Youth U12M 2018"]
[Site "Willingen"]
[Date "2018.05.25"]
[Round "9"]
[White "Farokhi, Keyvan"]
[Black "Foerster-Yialamas, Lucas"]
[Result "1-0"]
[ECO "D85"]
[WhiteElo "1844"]
[BlackElo "1924"]
[Annotator "NA RC"]
[PlyCount "71"]
[EventDate "2018.05.19"]
[EventType "swiss"]
[EventCountry "GER"]
[SourceTitle "playchess.com"]
[Source "ChessBase"]
[SourceQuality "1"]
[TimeControl "40/4500+30:900+30"]

1. d4 Nf6 2. c4 g6 3. Nc3 d5 4. cxd5 Nxd5 5. e4 Nxc3 6. bxc3 Bg7 7. Be3 c5 8. Rc1 O-O 9. Qd2 Qa5 10. d5 Rd8 11. Nf3 Bg4 {[%emt 0:02:49] D85: Grünfeldindisch (Abtauschvariante, 7.Sf3 bzw nicht 7.Lc4)} (11... e6 12. Bg5 f6 13. Be3 Nc6 14. Bd3 Ne7 15. c4 Qxd2+ 16. Nxd2 b6 17. O-O h6 18. Rfd1 f5 19. f3 g5 {½-½ (27) Onischuk,A (2682)-Svidler,P (2751) Tbilisi 2017}) 12. c4 (12. Ng5 $14) 12... Qa3 13. h4 $146 {[%emt 0:08:43] [#]} ({Vorgänger:} 13. Be2 b6 14. Qc2 Bb2 15. Rb1 Bxf3 16. Bxf3 Qc3+ 17. Kd1 Qxc2+ 18. Kxc2 Bf6 19. e5 Bxe5 20. d6 Nd7 21. dxe7 {1-0 (21) Barria Zuniga,D (2428)-Hj,E (2168) Turin 2006}) 13... Nc6 $1 14. Nh2 Bc8 15. h5 Nd4 (15... b6 $11 16. Bh6 Bb2) 16. hxg6 fxg6 17. Nf3 Nxf3+ 18. gxf3 Bd7 19. Be2 Ba4 20. Kf1 Bb2 21. Rb1 Bc3 22. Bxc5 Bxd2 23. Bxa3 Rd7 24. e5 Bc2 25. Ra1 (25. Rb2 $18 {is the precise move to win.} Bc1 26. Rxc2 Bxa3 27. f4) 25... Ba4 $2 (25... b6 $16) 26. e6 Rc7 27. c5 Bf4 28. d6 Rc6 $2 (28... exd6 29. cxd6 Rc6) 29. d7 a6 30. Rb1 $18 Rxe6 31. Bc4 Bb5 32. Rxb5 axb5 33. Bxe6+ Kg7 34. Bb2+ Kf8 35. Rxh7 Be5 36. Bxe5 1-0

[Event "GER-ch Youth U12M 2018"]
[Site "Willingen"]
[Date "2018.05.25"]
[Round "9"]
[White "Metzdorf, Matteo"]
[Black "Bakiev, Diyor"]
[Result "1/2-1/2"]
[ECO "C88"]
[WhiteElo "1832"]
[BlackElo "1752"]
[Annotator "NA RC"]
[PlyCount "79"]
[EventDate "2018.05.19"]
[EventType "swiss"]
[EventCountry "GER"]
[SourceTitle "playchess.com"]
[Source "ChessBase"]
[SourceQuality "1"]
[TimeControl "40/4500+30:900+30"]

1. e4 e5 2. Nf3 Nc6 3. Bb5 a6 4. Ba4 Nf6 5. O-O Be7 6. Re1 b5 7. Bb3 O-O 8. a4 Bb7 9. c3 d6 10. d4 h6 11. Nbd2 {[%emt 0:02:16] C90: Spanische Partie (Abweichungen von der Hauptvariante)} Re8 12. Nf1 Bf8 {[%emt 0:04:03] LiveBook: 5 Games} 13. Ng3 g6 (13... Qd7 14. h3 Rad8 15. axb5 axb5 16. dxe5 Nxe5 17. Nxe5 Rxe5 18. Bf4 Ree8 19. Qf3 Nh7 20. Ra7 Bc6 21. Bd2 g6 22. Rea1 d5 23. exd5 Bxd5 24. Bxd5 Qxd5 25. Qxd5 Rxd5 {1-0 (47) Alekseenko,K (2580)-Ponkratov,P (2607) Khanty-Mansiysk 2016}) 14. Nh4 g5 $146 ({Vorgänger:} 14... d5 15. axb5 axb5 16. Rxa8 Bxa8 17. exd5 Nxd5 18. Qg4 Na5 19. Nxg6 Nf6 20. Bxf7+ Kxf7 21. Nh8+ Ke7 22. Rxe5+ Kd6 23. Nf7+ {1-0 (23) Paal,A (2175)-Bernath,R (2188) Heves 2001}) 15. Nhf5 exd4 16. cxd4 Ne7 17. f3 Nxf5 18. Nxf5 Qd7 (18... Bc8 $16) 19. Bc2 c5 (19... Qe6 $142 20. h4 gxh4 21. Bxh6 Nxe4) 20. h4 d5 (20... Qe6 {ist wohl besser.} 21. hxg5 hxg5 22. Bxg5 b4) 21. hxg5 hxg5 22. Bxg5 dxe4 23. fxe4 ({Not} 23. Bxf6 $2 Qxf5 24. Bh4 Qh5 $19) 23... Nh7 24. Qg4 Kh8 25. Qh3 $18 Qe6 26. e5 Qg6 27. Bf6+ Kg8 28. Ne7+ Bxe7 29. Bxg6 fxg6 30. Qh6 Bxf6 31. exf6 Nxf6 32. Qxg6+ Kf8 33. Qxf6+ Kg8 34. Rxe8+ Rxe8 35. Qg6+ Kf8 36. Rf1+ Ke7 37. Re1+ Kd7 38. Qxe8+ Kc7 39. Re7+ Kb6 40. Qd8+ 1/2-1/2

[Event "GER-ch Youth U12M 2018"]
[Site "Willingen"]
[Date "2018.05.25"]
[Round "9"]
[White "Schubert, Nikita"]
[Black "Werner, Denis"]
[Result "1-0"]
[ECO "D02"]
[WhiteElo "1802"]
[BlackElo "1706"]
[Annotator "NA"]
[PlyCount "143"]
[EventDate "2018.05.19"]
[EventType "swiss"]
[EventCountry "GER"]
[SourceTitle "playchess.com"]
[Source "ChessBase"]
[SourceQuality "1"]
[TimeControl "40/4500+30:900+30"]

1. d4 d5 2. Nf3 Nf6 3. g3 c6 4. Bg2 Bf5 5. O-O h6 6. c4 e6 7. Nc3 Be7 8. Qb3 Qb6 9. c5 Qxb3 10. axb3 O-O {[%emt 0:00:44] D11: Slav Defence: 3 Nf3 sidelines and 3...Nf6 4 e3 Bg4} (10... Na6 11. Ne5 Nc7 12. f3 Nd7 13. Nxd7 Kxd7 14. e4 Bh7 15. b4 a6 16. Na4 Rae8 17. Nb6+ Kd8 18. Be3 {½-½ (57) Muse,M (2379)-Johansson,L (2399) Germany 2016}) 11. b4 a6 12. b5 cxb5 13. Nxb5 Nc6 14. Nc3 Nd7 15. Na4 Bc2 $146 ({Predecessor:} 15... Bf6 16. Rd1 Bc2 17. Rd2 Be4 18. e3 {0-1 (29) Wenzel,B (1952)-Luckow,R (2190) Germany 2015}) 16. Bd2 Bxa4 17. Rxa4 f5 18. Rfa1 Kh7 19. b4 Rac8 20. e3 Ndb8 21. Bf1 Bd8 22. Rb1 Rf7 23. Ra2 Bf6 24. Bc3 (24. b5 $142 axb5 25. Rxb5 (25. Bxb5 Rfc7 $16)) 24... g5 25. b5 axb5 26. Bxb5 Rcc7 27. Bd3 Kg7 28. Be2 Kg6 29. Rab2 Rg7 30. Kf1 Rgf7 31. Bd3 Kg7 32. Ke2 Kf8 33. Bb5 Kg7 34. Rh1 h5 35. h4 g4 36. Ne1 e5 37. Kd3 Kh7 38. Ng2 Rfe7 39. Ra1 Kg7 (39... Nd7 $14) 40. Ra4 Rc8 ({Black should play} 40... Nd7 $14) 41. Ra8 Rcc7 42. Ba5 Nxa5 43. Rxa5 Nc6 44. Bxc6 bxc6 45. Ra6 Re8 46. Rbb6 Rec8 47. Ne1 exd4 48. exd4 Re7 49. Nc2 Re6 50. Ne3 Bd8 51. Rb7+ Kf6 52. Ng2 Bc7 53. Raa7 Bb8 54. Ra8 Ree8 55. Rb6 Kf7 56. Raa6 Re6 $18 (56... Re7 {ist eine bessere Verteidigung.} 57. Rxc6 Rxc6 58. Rxc6 Ra7) 57. Rb7+ Kf6 58. Rab6 Ree8 $2 (58... Bc7 $14) 59. Rh7 Kg6 60. Rd7 Re6 61. Rxd5 Bc7 62. Ra6 Bb8 63. Rd7 Rce8 64. Rb6 Rc8 65. Rbb7 Kf6 66. Rf7+ Kg6 67. Rg7+ Kh6 68. Rh7+ Kg6 69. Rbg7+ Kf6 70. Rf7+ Kg6 71. Rhg7+ Kh6 72. Ne3 1-0

[Event "GER-ch Youth U12M 2018"]
[Site "Willingen"]
[Date "2018.05.25"]
[Round "9"]
[White "Huo, Da"]
[Black "Klugstedt, Vincent"]
[Result "1-0"]
[ECO "B76"]
[WhiteElo "1790"]
[BlackElo "1689"]
[Annotator "NA RC"]
[PlyCount "73"]
[EventDate "2018.05.19"]
[EventType "swiss"]
[EventCountry "GER"]
[SourceTitle "playchess.com"]
[Source "ChessBase"]
[SourceQuality "1"]
[TimeControl "40/4500+30:900+30"]

1. e4 c5 2. Nf3 Nc6 3. d4 cxd4 4. Nxd4 g6 5. Nc3 Bg7 6. Be3 Nf6 7. f3 d6 8. Qd2 O-O 9. O-O-O Nxd4 10. Bxd4 Be6 11. Kb1 a6 12. h4 h5 13. Be2 b5 14. Rhg1 b4 15. Nd5 Bxd5 16. exd5 Qa5 17. Bc4 Rab8 18. Bb3 Rb5 19. Be3 Qc7 20. Qd3 Qb7 21. Rd2 Nd7 22. Bd4 Bh6 23. Re2 Nc5 24. Bxc5 Rxc5 25. g4 hxg4 26. fxg4 a5 27. h5 g5 28. Rge1 Rc7 29. Qf5 Qa7 30. c4 Kg7 31. Bc2 Rh8 32. Rf1 f6 33. Re6 Qd4 34. Qg6+ Kf8 35. Re4 Qc5 36. Rxf6+ exf6 37. Re8# {[%emt 0:00:04] f5} 1-0

[Event "GER-ch Youth U12M 2018"]
[Site "Willingen"]
[Date "2018.05.25"]
[Round "9"]
[White "Hecht, Jonas Christian"]
[Black "Garner, Isaac"]
[Result "1/2-1/2"]
[ECO "A13"]
[WhiteElo "1713"]
[BlackElo "1751"]
[Annotator "NA RC"]
[PlyCount "51"]
[EventDate "2018.05.19"]
[EventType "swiss"]
[EventCountry "GER"]
[SourceTitle "playchess.com"]
[Source "ChessBase"]
[SourceQuality "1"]
[TimeControl "40/4500+30:900+30"]

1. c4 e6 2. Nc3 d5 3. e3 Nf6 4. Nf3 Be7 5. Be2 O-O 6. b3 Nbd7 7. Bb2 b6 8. O-O Bb7 9. Qc2 c5 10. Rfd1 Rc8 11. d3 Qc7 12. h3 a6 13. Rd2 Qb8 14. Rad1 Qa8 15. d4 Rfd8 16. Ba1 cxd4 17. exd4 dxc4 18. bxc4 Ne4 19. Nxe4 Bxe4 20. Qb3 Bf6 21. Bb2 Qb7 22. Ba3 Nb8 23. c5 b5 24. Bb2 Bd5 25. Qa3 Nc6 26. Ba1 1/2-1/2

[Event "GER-ch Youth U12M 2018"]
[Site "Willingen"]
[Date "2018.05.25"]
[Round "9"]
[White "Prieb, Robert"]
[Black "May, Ben-Iven"]
[Result "1/2-1/2"]
[ECO "D37"]
[WhiteElo "1709"]
[BlackElo "1769"]
[Annotator "NA RC"]
[PlyCount "63"]
[EventDate "2018.05.19"]
[EventType "swiss"]
[EventCountry "GER"]
[SourceTitle "playchess.com"]
[Source "ChessBase"]
[SourceQuality "1"]
[TimeControl "40/4500+30:900+30"]

1. d4 d5 2. c4 e6 3. Nc3 Nf6 4. Nf3 Be7 5. Bf4 O-O 6. e3 Nbd7 7. c5 Ne4 8. Nxe4 dxe4 9. Ne5 Nxe5 10. Bxe5 f6 11. Bg3 Kh8 12. Bc4 e5 13. O-O exd4 14. exd4 f5 15. Be5 Bf6 16. Bxf6 Qxf6 17. b4 Bd7 18. d5 b5 19. Bb3 Rae8 20. Qd2 f4 21. Rae1 f3 22. Re3 Bh3 23. g3 Bxf1 24. Kxf1 h5 25. d6 cxd6 26. cxd6 Rd8 27. Rxe4 Rxd6 28. Qe1 Qf5 29. Rh4 Rd4 30. Bc2 Qd5 31. Bb3 Qf5 32. Bc2 1/2-1/2

[Event "GER-ch Youth U12M 2018"]
[Site "Willingen"]
[Date "2018.05.25"]
[Round "9"]
[White "Weidenhoefer, Max"]
[Black "Haack, Kevin"]
[Result "1/2-1/2"]
[ECO "B76"]
[WhiteElo "1709"]
[BlackElo "1846"]
[Annotator "NA RC"]
[PlyCount "51"]
[EventDate "2018.05.19"]
[EventType "swiss"]
[EventCountry "GER"]
[SourceTitle "playchess.com"]
[Source "ChessBase"]
[SourceQuality "1"]
[TimeControl "40/4500+30:900+30"]

1. e4 c5 2. Nf3 d6 3. d4 cxd4 4. Nxd4 Nf6 5. Nc3 g6 6. f3 Bg7 7. Be3 O-O 8. Qd2 Nc6 9. O-O-O Bd7 {[%emt 0:01:37] LiveBook: 287 Games} 10. h4 (10. Kb1 $16) 10... h5 11. Nxc6 Bxc6 12. Bh6 Rc8 13. g4 Qa5 14. Bxg7 Kxg7 15. gxh5 Nxh5 16. Bh3 Rc7 17. Rhg1 b5 $2 (17... Qe5 $11 {and Black is okay.}) 18. Qg5 Rh8 $1 19. f4 {[%emt 0:09:55] [#]} Be8 (19... Qb6 $1 $17 20. f5 Qc5) 20. f5 Rh6 21. fxg6 f6 22. Qf5 $2 (22. Qe3 $18) 22... Bd7 $2 (22... Rxc3 $1 $11 23. bxc3 Qxc3) 23. Qd5 Be8 24. Qf5 $11 (24. Ne2 $18 Rc5 25. Qe6) 24... Bd7 25. Qd5 Be8 26. Qf5 1/2-1/2

[Event "GER-ch Youth U12M 2018"]
[Site "Willingen"]
[Date "2018.05.25"]
[Round "9"]
[White "Rössel, Gino"]
[Black "Laux, Dominik"]
[Result "0-1"]
[ECO "B06"]
[WhiteElo "1705"]
[BlackElo "1889"]
[Annotator "NA"]
[PlyCount "126"]
[EventDate "2018.05.19"]
[EventType "swiss"]
[EventCountry "GER"]
[SourceTitle "playchess.com"]
[Source "ChessBase"]
[SourceQuality "1"]
[TimeControl "40/4500+30:900+30"]

1. e4 g6 2. d4 Bg7 3. Nc3 c6 4. Nf3 d6 5. Be2 Nf6 6. h3 O-O 7. O-O Nbd7 8. Be3 b5 9. a3 Bb7 {[%emt 0:05:40] LiveBook: 3 Games B08: Pirc Defence: Classical System} (9... Qc7 10. Nd2 a6 11. f4 Nb6 12. Qe1 c5 13. Qf2 Nfd7 14. Nb3 Na4 15. Nd5 Qd8 16. dxc5 Bb7 17. c4 bxc4 18. Bxc4 Naxc5 19. Nxc5 Nxc5 20. Bxc5 dxc5 21. Qxc5 {0-1 (40) Yap,K (2418)-Petrosian,T (2663) Dubai 2013}) 10. Qd2 a5 ({Black should play} 10... c5 $15) 11. e5 Ne8 12. exd6 $146 ({Predecessor:} 12. Rfd1 Nc7 13. Bh6 Nb6 14. Bxg7 Kxg7 15. Ne4 Ne6 16. Ng3 Qc7 17. Rac1 dxe5 18. Nxe5 Rfd8 19. c3 b4 20. Bg4 bxc3 21. bxc3 Bc8 22. Bxe6 Bxe6 {½-½ (22) Karthaus,C (1970)-Arns,A (1725) Wiesbaden 2014}) 12... Nxd6 13. Bh6 Nb6 14. Bxg7 Kxg7 15. b3 Nd5 16. Ne5 Nxc3 17. Qxc3 f6 18. Nd3 ({Reject} 18. Nxc6 $6 Bxc6 19. Qxc6 Rc8 $11) 18... Ne4 19. Qb2 Qd6 20. Rad1 b4 21. axb4 axb4 22. Nc5 Nxc5 23. dxc5 Qxc5 24. Rd7 Bc8 25. Rd2 Be6 26. Rfd1 Bd5 27. Qd4 Qxd4 28. Rxd4 Rfb8 29. Bc4 e5 30. R4d3 Bxc4 31. bxc4 Ra2 32. Rc1 Rb7 33. Rb3 c5 34. c3 Ra3 35. Rcb1 Rxb3 36. Rxb3 Kf7 37. Kf1 Ke6 38. Ke2 e4 39. Ke3 Ke5 40. g3 f5 41. h4 h6 42. Rb2 b3 43. f4+ Kd6 44. Kd2 h5 45. Kc1 Kc6 46. Kd1 Rd7+ 47. Ke2 Rd3 48. Rxb3 Rxg3 49. Ra3 Kb7 50. Rb3+ Kc7 51. Rb5 Kc6 52. Ra5 $19 Rg4 53. Ra6+ Kb7 54. Rf6 Rxh4 55. Rxg6 Rxf4 56. Rh6 h4 57. Kd2 Kc7 58. Ke2 Kd7 59. Kd2 Rf2+ 60. Ke1 Rf3 61. Rxh4 Rxc3 62. Kd2 Rxc4 63. Ke3 Ke6 {[%emt 0:01:32] Kd4 Ke5+} 0-1

[Event "GER-ch Youth U12M 2018"]
[Site "Willingen"]
[Date "2018.05.25"]
[Round "9"]
[White "Schulemann, Gero"]
[Black "Lutz, Adam"]
[Result "1-0"]
[ECO "B82"]
[WhiteElo "1700"]
[BlackElo "1761"]
[Annotator "NA RC"]
[PlyCount "115"]
[EventDate "2018.05.19"]
[EventType "swiss"]
[EventCountry "GER"]
[SourceTitle "playchess.com"]
[Source "ChessBase"]
[SourceQuality "1"]
[TimeControl "40/4500+30:900+30"]

1. e4 c5 2. Nf3 e6 3. d4 cxd4 4. Nxd4 Nf6 5. Nc3 d6 6. f4 a6 7. Qf3 Qc7 8. Bd3 Be7 9. Be3 Nbd7 10. g4 Nc5 11. O-O-O b5 12. Kb1 Bb7 13. g5 Nfd7 14. h4 Rc8 15. h5 b4 16. Nce2 Nxd3 17. cxd3 Nc5 18. Nc1 e5 19. fxe5 dxe5 20. Nf5 Ne6 21. g6 f6 22. h6 Bf8 23. hxg7 Bxg7 24. Rxh7 Rg8 25. Nxg7+ Nxg7 26. Qxf6 b3 27. axb3 a5 28. Rf1 Qe7 29. Qf7+ Kd7 30. Qxe7+ Kxe7 31. Rf7+ Ke6 32. Rxb7 Kf6 33. Bh6 Ne6 34. Ne2 Kxg6 35. Be3 Rh8 36. Rxh8 Rxh8 37. Nc3 Rh1+ 38. Ka2 Re1 39. Bd2 Rf1 40. Rb6 Kf7 41. Rb5 Nd4 42. Rxe5 Rf3 43. Rd5 Nc6 44. Rf5+ Rxf5 45. exf5 Kf6 46. Ne4+ Kxf5 47. Ka3 Ke5 48. Ka4 Kd4 49. Nf2 Kc5 50. Bxa5 Nd4 51. Bd2 Nc2 52. b4+ Kb6 53. Kb3 Nd4+ 54. Kc4 Ne6 55. b5 Nc7 56. Be3+ Kb7 57. Ne4 Ne6 58. Nc5+ 1-0

[Event "GER-ch Youth U12M 2018"]
[Site "Willingen"]
[Date "2018.05.25"]
[Round "10"]
[White "Wagner, Leopold Franziskus"]
[Black "Eilenberg, Jonas"]
[Result "1-0"]
[ECO "A06"]
[WhiteElo "2234"]
[BlackElo "1852"]
[Annotator "ChessBase"]
[PlyCount "69"]
[EventDate "2018.05.19"]
[EventType "swiss"]
[EventCountry "GER"]
[SourceTitle "playchess.com"]
[Source "ChessBase"]
[SourceQuality "1"]
[TimeControl "40/4500+30:900+30"]

1. Nf3 d5 2. g3 Nc6 3. d4 Bg4 4. Bg2 Qd7 5. b3 e6 6. Bb2 Bd6 7. Nbd2 Nf6 8. O-O O-O-O 9. c4 h5 10. h3 Bxf3 11. Nxf3 Ne4 12. Ne5 Nxe5 13. dxe5 Bc5 14. e3 h4 15. g4 Qe7 16. Qc2 f5 17. cxd5 exd5 18. gxf5 Qg5 19. Kh2 Qxf5 20. f3 Ng3 21. Qxc5 Nxf1+ 22. Rxf1 Rh6 23. Rc1 Rc6 24. Qd4 Rxc1 25. Bxc1 Kb8 26. e4 Qg6 27. Bf4 Qe6 28. Be3 b6 29. b4 Re8 30. f4 Qg6 31. exd5 Qg3+ 32. Kh1 Qe1+ 33. Bg1 g5 34. d6 gxf4 35. Qd5 1-0